 Dungeon Crawl Stone Soup version 0.28-a0-1227-ga9037bb4c8 (webtiles) character file.

Game seed: 17004466058146781143

14 siradein the Ducker (level 2, -6/23 HPs)
             Began as a Vampire Monk on Dec 23, 2021.
             Mangled by a gnoll (7 damage)
             ... on level 1 of the Dungeon.
             The game lasted 00:00:51 (448 turns).

siradein the Ducker (Vampire Monk)                   Turns: 448, Time: 00:00:52

Health: -6/23      AC:  2    Str: 10    XL:     2   Next: 31%
Magic:  2/2        EV: 13    Int: 12    God:
Gold:   32         SH:  0    Dex: 16    Spells: 1/1 levels left

rFire   . . .      SeeInvis +   a - +0 falchion
rCold   . . .      Faith    .   (no shield)
rNeg    . . .      Spirit   .   b - +0 robe
rPois   .          Reflect  .   (no helmet)
rElec   .          Harm     .   (no cloak)
rCorr   .          Rampage  .   (no gloves)
Will    .....                   (no boots)
Stlth   ++........              (no amulet)
HPRegen 0.27/turn               (no ring)
MPRegen 0.08/turn               (no ring)

@: healing quickly
A: alive, fangs 3, see invisible, vampiric 1
a: Exsanguinate


You were on level 1 of the Dungeon.
You visited 1 branch of the dungeon, and saw 1 of its levels.

You collected 32 gold pieces.

Inventory:

Hand Weapons
 a - a +0 falchion (weapon)
Armour
 b - a +0 robe (worn)
Scrolls
 c - a scroll of identify {unknown}
Potions
 d - a potion of heal wounds {unknown}
 e - a potion of ambrosia {unknown}


   Skills:
 + Level 2.9 Fighting
 + Level 3.2 Long Blades
 + Level 3.6 Dodging
 - Level 3.0 Stealth


You had one spell level left.
You didn't know any spells.
Your spell library was empty.

Dungeon Overview and Level Annotations

Branches:
Dungeon (1/15)

Altars:


Innate Abilities, Weirdness & Mutations

Your natural rate of healing is accelerated.
You have razor-sharp teeth.
You have supernaturally acute eyesight. (SInv)
You are afflicted with vampirism.


Message History

You hit the rat.
You kill the rat!
Found a stone staircase leading down.
The helpless ball python fails to defend itself.
You hit the ball python.
You kill the ball python!
No target in view!
A bat comes into view.
A bat is nearby!
A bat is nearby!
A bat is nearby!
A gnoll comes into view. It is wielding a +0 spear.
The helpless bat fails to defend itself.
You hit the bat but do no damage. The bat misses you.
The bat barely misses you. The bat barely misses you.
The bat hits you but does no damage.
You closely miss the bat. The bat completely misses you.
The bat hits you but does no damage.
You closely miss the bat. The bat barely misses you. x2
The bat hits you but does no damage.
You hit the bat.
You kill the bat!
You see here a bat corpse.
The gnoll barely misses you.
You hit the gnoll. You bite the gnoll.
The gnoll is heavily wounded.
The gnoll barely misses you.
You hit the gnoll. You bite the gnoll, but do no damage.
The gnoll is severely wounded.
The gnoll hits you with a +0 spear!
You hit the gnoll but do no damage.
The gnoll is severely wounded.
The gnoll hits you with a +0 spear.
You barely miss the gnoll.
The gnoll is severely wounded.
The gnoll hits you with a +0 spear. x2
* * * LOW HITPOINT WARNING * * *
The gnoll hits you from afar with a +0 spear!
You die...

####.#......#.............#....#
........................###....#
.)##.##.#####.##........# #....#
...#....#...#.##........# #S...#
...######.#.#.##........# #J...#
...# #.#.#.##........# #.!...
...# ###.#.#.##........# ...#
#.....#.##.)......# ...#
#.....#.##@.......# ...#
#.....†.g.....†...#
#####......##.##.......>#
.........##.##........#
#........##.##........#
#........##.##........#
#........##.###########
.###.....##.# #........#


You could see a gnoll.

Vanquished Creatures
  3 bats (D:1)
  A giant cockroach (D:1)
  A hobgoblin (D:1)
  A kobold (D:1)
  A quokka (D:1)
  3 ball pythons (D:1)
  4 rats (D:1)
14 creatures vanquished.

Notes
Turn   | Place    | Note
-------+----------+-------------------------------------------
     0 | D:1      | siradein the Vampire Monk began the quest for the Orb.
     0 | D:1      | Reached XP level 1. HP: 17/17 MP: 1/1
   143 | D:1      | Reached XP level 2. HP: 21/23 MP: 2/2
   447 | D:1      | HP: 1/23 [gnoll (6)]
   448 | D:1      | Mangled by a gnoll

Illustrated notes

Levels and vault maps discovered:
D:1:      dpeg_chamrin_arrival_tetris, layout_basic, hangedman_decor_lopped,
          minivault_24

Action                   || total
-------------------------++-------
Melee: Falchion          ||    49
       Bite              ||     4
 Stab: Sleeping          ||     2
Armor: Robe              ||     9
Dodge: Dodged            ||    29

Table legend: (Time is in decaauts)
 A = Elapsed time spent in this place.
 B = Non-inter-level travel time spent in this place.
 C = Inter-level travel time spent in this place.
 D = Time resting spent in this place.
 E = Time spent auto-exploring this place.
 F = Levels seen in this place.
 G = Mean time per level.
                   A        B        C        D        E       F      G
               +--------+--------+--------+--------+--------+-----+--------+
         Total |    455 |    455 |      0 |      0 |    310 |   1 |  455.0 |
       Dungeon |    455 |    455 |      0 |      0 |    310 |   1 |  455.0 |
               +--------+--------+--------+--------+--------+-----+--------+

Top non-repeatable levels by time:
     D:1: 455 daAuts
